 Dungeon Crawl Stone Soup version 0.30-a0-6-g7c9e10e132 (webtiles) character file.

Game seed: 10074425917796515614

147 Flugkiller the Chopper (level 5, -2/47 HPs)
             Began as a Minotaur Fighter on Aug 22, 2022.
             Slain by Sigmund
             ... wielding a +0 scythe
              (8 damage)
             ... on level 2 of the Dungeon.
             The game lasted 00:01:23 (2574 turns).

Flugkiller the Chopper (Minotaur Fighter)           Turns: 2574, Time: 00:01:23

Health: -2/47      AC:  8    Str: 21    XL:     5   Next: 8%
Magic:  4/4        EV:  9    Int:  5    God:
Gold:   194        SH:  4    Dex: 11    Spells: 4/4 levels left

rFire   . . .      SeeInvis .    a - +0 war axe
rCold   . . .      Faith    .    c - +0 buckler
rNeg    . . .      Spirit   .    b - +0 scale mail
rPois   .          Reflect  .    (helmet restricted)
rElec   .          Harm     .    (no cloak)
rCorr   .          Rampage  .    v - +0 pair of gloves
Will    .....                    (no boots)
Stlth   ..........               (no amulet)
HPRegen 0.15/turn                (no ring)
MPRegen 0.09/turn                (no ring)

@: no status effects
A: horns 2, retaliatory headbutt
a: no special abilities


You were on level 2 of the Dungeon.
You visited 1 branch of the dungeon, and saw 3 of its levels.

You collected 194 gold pieces.

Inventory:

Hand Weapons
 a - a +0 war axe (weapon)
Armour
 b - a +0 scale mail (worn)
 c - a +0 buckler (worn)
 v - a +0 pair of gloves (worn)
   (You found it on level 2 of the Dungeon)
 w - a +0 chain mail
   (You found it on level 2 of the Dungeon)
Jewellery
 u - a ring of fire
   (You found it on level 2 of the Dungeon)
Wands
 t - a wand of roots (6)
   (You found it on level 2 of the Dungeon)
Scrolls
 f - a scroll of butterflies {unknown}
 g - a scroll of immolation {unknown}
 h - a scroll of torment {unknown}
 i - 2 scrolls of teleportation {unknown}
 j - a scroll of amnesia {unknown}
 k - a scroll of brand weapon {unknown}
 m - 2 scrolls of enchant armour {unknown}
 n - a scroll of enchant weapon {unknown}
 p - a scroll of identify {unknown}
Potions
 d - 2 potions of might
 e - a potion of brilliance {unknown}
 l - 3 potions of degeneration {unknown}
 o - a potion of resistance {unknown}
 q - a potion of curing {unknown}
 r - a potion of flight {unknown}
 s - a potion of attraction {unknown}


   Skills:
 + Level 4.7 Fighting
 * Level 4.8 Axes
 + Level 4.6 Armour
 - Level 3.6 Shields


You had 4 spell levels left.
You didn't know any spells.
Your spell library was empty.

Dungeon Overview and Level Annotations

Branches:
Dungeon (3/15)

Altars:
Elyvilon

Annotations:
D:2 Sigmund
D:3 3 runed translucent doors, stringoo's ghost, weakling OpDe


Innate Abilities, Weirdness & Mutations

You have a pair of horns on your head.
You reflexively headbutt those who attack you in melee.


Message History

You hit the kobold.
The kobold is severely wounded.
The kobold hits you but does no damage.
You miss the kobold.
The kobold is severely wounded.
The kobold hits you but does no damage. You block the kobold's attack.
You slash the kobold!
You kill the kobold!
The adder bites you.
You are poisoned.
The adder poisons you!
You hit the adder but do no damage. You headbutt the adder.
The adder is lightly wounded.
You feel sick. The adder bites you but does no damage.
The adder completely misses you.
You hit the adder.
The adder is lightly wounded.
You feel sick. The adder bites you but does no damage.
You feel sick. The adder closely misses you. You furiously retaliate!
You headbutt the adder. The adder barely misses you.
You feel sick. The adder closely misses you. You furiously retaliate!
You headbutt the adder.
You kill the adder!
You have reached level 5!
You feel sick.
You are no longer poisoned.
You see here a +0 chain mail.
w - a +0 chain mail
i - 2 scrolls labelled EHEPLU UTEPI (gained 1) Sigmund is nearby!
Sigmund shouts!
You hear a shout!
Aiming: Fastroot
Press: ? - help, Shift-Dir - straight line, f - Sigmund
Aim: Sigmund, wielding a +0 scythe and wearing a +0 robe The roots erupt in riotous growth!
Roots grab Sigmund.
The grasping roots constrict Sigmund!
Sigmund struggles to escape constriction.
The grasping roots constrict Sigmund.
The roots release their grip on Sigmund.
Sigmund barely misses you.
You see here a ring of protection from cold.
You closely miss Sigmund.
Sigmund is heavily wounded.
You block Sigmund's attack.
The kobold shouts!
You hit Sigmund. You headbutt Sigmund!
Sigmund is almost dead.
Sigmund mumbles some strange words.
Sigmund flickers and vanishes!
Deactivating autopickup; reactivate with Ctrl-A.
A giant cockroach comes into view.
The kobold throws a stone.
The stone hits you but does no damage. Something hits you but does no damage.
You barely miss something. Your headbutt misses something. You miss something.
Something hits you.
The kobold throws a stone.
The stone barely misses you.
Aiming: Fastroot
Press: ? - help, Shift-Dir - straight line The roots erupt in riotous growth!
Something hits you.
You miss something. You headbutt something.
You hear some strange, mumbled words.
A magic dart appears from out of thin air!
The magic dart hits you.
You barely miss something. Something hits you.
The giant cockroach closely misses you. You furiously retaliate!
You headbutt the giant cockroach!
You kill the giant cockroach!
You miss something. You hit the kobold.
You kill the kobold!
You hear some strange, mumbled words.
Something tries to affect you, but you resist.
No target in view!
You miss something. Something hits you but does no damage.
No target in view!
You closely miss something. You block something's attack.
No target in view!
You miss something. Your headbutt misses something.
Something hits you but does no damage.
You completely miss something. Something hits you!
You closely miss something. Something hits you.
You barely miss something. Your headbutt misses something. Something hits you.
* * * LOW HITPOINT WARNING * * *
You closely miss something. You closely miss something.
You hear some strange, mumbled words.
A puff of flame appears from out of thin air!
The puff of flame hits you!
* * * LOW HITPOINT WARNING * * *
Something hits you but does no damage.
Aiming: Fastroot
Press: ? - help, Shift-Dir - straight line The roots erupt in riotous growth!
Unknown command.
You block something's attack.
You see here a ring of protection from cold.
Aiming: Fastroot
Press: ? - help, Shift-Dir - straight line The roots erupt in riotous growth!
Something hits you!
You die...

########### #.........#
#.........# #(........###########
#...................#
######...................########
...........(........†....'....>..
######..........@.=......##.[...#
######...#.....)....##......
#########.).#..........#.......
###...........#..........#.......
........##....###########.....^..
###.#....#....# #.#._....
#.#.#..#....# ##.#.....(
#.#.<.......# ##..#...... #
#.####.#..### #.(########


There were no monsters in sight!

Vanquished Creatures
  An orc priest (D:3)
  An orc wizard (D:3)
  2 adders (D:2)
  2 worms
  A dart slug (D:3)
  3 orcs (D:3)
  5 endoplasms
  4 giant cockroaches
  9 goblins
  3 hobgoblins
  4 kobolds
  4 quokkas
  9 ball pythons
  4 bats
  2 frilled lizards
  3 rats
57 creatures vanquished.

Notes
Turn   | Place    | Note
-------+----------+-------------------------------------------
     0 | D:1      | Flugkiller the Minotaur Fighter began the quest for the
                  | Orb.
     0 | D:1      | Reached XP level 1. HP: 19/19 MP: 0/0
   217 | D:1      | Reached XP level 2. HP: 27/27 MP: 1/1
   847 | D:2      | Reached XP level 3. HP: 33/33 MP: 2/2
   906 | D:2      | Noticed Sigmund
   910 | D:2      | Found a faded altar of an unknown god.
  1150 | D:3      | Found a white marble altar of Elyvilon.
  1523 | D:3      | Reached XP level 4. HP: 32/41 MP: 3/3
  2017 | D:3      | Found a runed translucent gate.
  2017 | D:3      | Found a runed translucent gate.
  2020 | D:3      | Found a runed translucent gate.
  2022 | D:3      | Noticed stringoo's ghost (weakling OpDe)
  2535 | D:2      | Reached XP level 5. HP: 40/47 MP: 4/4
  2574 | D:2      | Slain by Sigmund

Illustrated notes

Levels and vault maps discovered:
D:1:      nzn_arrival_crosshair, layout_loops_ring
D:2:      layout_basic, basic_ecumenical_altar, uniq_sigmund
D:3:      kennysheep_six_static_rooms, layout_loops_corners, elyvilon_altar_3,
          gammafunk_ghost_necromancy, grunt_ministairs_11

Skill      XL: |  1  2  3 |
---------------+----------+-----
Axes           | 3 4 |  4.8
Armour         | 4 |  4.6
Fighting       | 4 |  4.7
Shields        | |  3.6

Action                   |  1- 3 |  4- 6 || total
-------------------------+-------+-------++-------
Melee: War axe           |    81 |    39 ||   120
       Headbutt          |    11 |     5 ||    16
Evoke: Wand              |       |     4 ||     4
Armor: Scale mail        |    43 |    19 ||    62
Dodge: Dodged            |    39 |     9 ||    48
Block: Buckler           |    18 |     9 ||    27

Table legend: (Time is in decaauts)
 A = Elapsed time spent in this place.
 B = Non-inter-level travel time spent in this place.
 C = Inter-level travel time spent in this place.
 D = Time resting spent in this place.
 E = Time spent auto-exploring this place.
 F = Levels seen in this place.
 G = Mean time per level.
                   A        B        C        D        E       F      G
               +--------+--------+--------+--------+--------+-----+--------+
         Total |   2616 |   2553 |     63 |    127 |   2037 |   3 |  872.0 |
       Dungeon |   2616 |   2553 |     63 |    127 |   2037 |   3 |  872.0 |
               +--------+--------+--------+--------+--------+-----+--------+

Top non-repeatable levels by time:
     D:3: 1414 daAuts
     D:1: 774 daAuts
     D:2: 427 daAuts
